 Dungeon Crawl Stone Soup version 0.25-a0-322-g3677130cb1 (webtiles) character file.

Game seed: 9921393520713908734, levelgen mode: deterministic

34945 Esekla the Slicer (level 13, -39/64 HPs)
             Began as a Vine Stalker Assassin on Dec 27, 2019.
             Was the Champion of Dithmenos.
             Killed from afar by Jorgrun (54 damage)
             ... with an iron shot
             ... on level 13 of the Dungeon.
             The game lasted 02:46:06 (15060 turns).

Esekla the Slicer (Vine Stalker Assassin)          Turns: 15060, Time: 02:46:06

Health: -39/64     AC:  9    Str: 14    XL:     13   Next: 80%
Magic:  0/35       EV: 16    Int: 15    God:    Dithmenos [******]
Gold:   754        SH:  0    Dex: 17    Spells: 8/28 levels left

rFire    . . .     SeeInvis .   v - +4 short sword (venom)
rCold    . . .     Gourm    .   (no shield)
rNeg     + . .     Faith    .   B - +2 robe {rN+}
rPois    .         Spirit   +   i - +2 helmet
rElec    .         Reflect  .   c - +0 cloak
rCorr    .         Harm     .   G - +0 pair of gloves
MR       +....                  (no boots)
Stlth    +++++++++.             w - amulet of rage
HPRegen  2.00/turn              V - ring of stealth
MPRegen  0.24/turn              b - ring of magical power

@: very slightly contaminated, regenerating (expiring), wreathed by umbra
A: fangs 3, regeneration 2, magic shield, antimagic bite, no potion heal 3, rot
immunity
a: Shadow Step, Shadow Form, Renounce Religion, Evoke Berserk Rage


You were on level 13 of the Dungeon.
You worshipped Dithmenos.
Dithmenos was exalted by your worship.
You were very hungry.

You visited 3 branches of the dungeon, and saw 15 of its levels.
You also visited: Bailey.

You collected 1032 gold pieces.
You spent 278 gold pieces at shops.

Inventory:

Hand Weapons
 f - a +2 short sword of flaming
 s - a +1 spear of venom
 v - a +4 short sword of venom (weapon)
 C - the +8 storm bow {elec, penet}
   (You acquired it on level 10 of the Dungeon)

   It charges the ammunition it shoots with electricity; occasionally upon a
   hit, such missiles may discharge and cause terrible harm.
   Ammo fired by it will pass through the targets it hits, potentially hitting
   all targets in its path until it reaches maximum range.
 F - a +3 scimitar of flaming
 Z - a +0 long sword of protection
Missiles
 d - 40 poisoned darts (quivered)
 E - 21 boomerangs
 W - 5 silver javelins
 Y - 57 arrows
Armour
 c - a +0 cloak (worn)
 i - a +2 helmet (worn)
 z - a +1 ring mail of cold resistance
 B - a +2 robe of positive energy (worn)
 G - a +0 pair of gloves (worn)
 H - +0 acid dragon scales
Jewellery
 a - an uncursed ring of protection from magic
 b - a ring of magical power (right hand)
 m - an uncursed ring of protection from magic
 n - an uncursed ring of resist corrosion
 q - an uncursed ring of magical power
 w - an amulet of rage (around neck)
 J - a +4 ring of strength
 Q - an uncursed ring of protection from fire
 R - an uncursed ring of ice
 U - a +5 ring of strength
 V - a ring of stealth (left hand)
Wands
 h - a wand of iceblast (7)
 y - a wand of polymorph (8)
 O - a wand of random effects (20)
 S - a wand of digging (18)
 X - a wand of clouds (5)
Scrolls
 j - 3 scrolls of fog
 k - 4 scrolls of identify
 l - 6 scrolls of teleportation
 r - 7 scrolls of remove curse
 x - a scroll of blinking
 A - 5 scrolls of enchant armour
 N - a scroll of magic mapping
 P - a scroll of fear
Potions
 e - a potion of berserk rage
 g - a potion of experience
 o - 2 potions of invisibility
 t - 4 potions of brilliance
 u - 2 potions of resistance
 K - a potion of cancellation
 L - a potion of mutation
 M - 5 potions of lignification
 T - 4 potions of curing
Miscellaneous
 p - a phial of floods
 I - a phantom mirror
Comestibles
 D - 27 rations


   Skills:
 + Level 5.5 Fighting
 + Level 10.6 Short Blades
 - Level 4.4 Throwing
 + Level 2.1 Armour
 + Level 5.7 Dodging
 - Level 10.0 Stealth
 * Level 8.1 Spellcasting
 * Level 5.4 Conjurations
 + Level 4.7 Hexes
 * Level 4.6 Charms
 * Level 4.6 Necromancy
 + Level 4.6 Translocations
 * Level 6.1 Fire Magic
 + Level 4.4 Air Magic
 + Level 4.3 Poison Magic


You had 8 spell levels left.
You knew the following spells:

 Your Spells              Type           Power        Failure   Level  Hunger
a - Conjure Flame         Conj/Fire      ###.....     3%          3    ##.....
b - Blink                 Tloc           N/A          2%          2    None
c - Mephitic Cloud        Conj/Pois/Air  ###.....     5%          3    ##.....
d - Vampiric Draining     Necr           ###.......   5%          3    ##.....
e - Searing Ray           Conj           ###...       1%          2    None
f - Dazzling Flash        Conj/Hex       ###...       4%          3    ##.....
g - Regeneration          Chrm/Necr      ###.......   5%          3    ##.....
i - Corona                Hex            ###....      1%          1    None

Your spell library contained the following spells:

 Spells                   Type           Power        Failure   Level  Hunger
 Animate Skeleton         Necr           N/A          1%          1    None
 Magic Dart               Conj           ###.         1%          1    None
 Pain                     Necr           ###.         1%          1    None
 Slow                     Hex            ###.....     2%          2    None
 Inner Flame              Hex/Fire       ###.....     3%          3    ##.....
 Portal Projectile        Hex/Tloc       ###...       5%          3    ##.....
 Fulminant Prism          Conj/Hex       ###.......   14%         4    ####...
 Iskenderun's Mystic Bla  Conj/Tloc      ###.....     16%         4    ####...
 Animate Dead             Necr           N/A          17%         4    ####...
 Cause Fear               Hex            ###.......   17%         4    ####...
 Call Imp                 Summ           #.......     19%         2    None
 Leda's Liquefaction      Hex/Erth       ##........   41%         4    ####...


Dungeon Overview and Level Annotations

Branches:
Dungeon (13/15)            Temple (1/1) D:5            Lair (1/6) D:11
    Orc (0/2) D:12         Bailey (visited)
 Vaults: D:13-14

Altars:
Cheibriados
Dithmenos
Elyvilon
Fedhas
Gozag
Hepliaklqana
Makhleb
Nemelex Xobeh
Okawaru
Qazlal
Ru
Vehumet
Wu Jian
Xom
Yredelemnul
Zin
Beogh

Shops:
D:5 ?

Annotations:
D:13 Jorgrun


Innate Abilities, Weirdness & Mutations

You have razor-sharp teeth.
You heal very quickly.
When hurt, damage is shared between your health and your magic reserves.
Your bite disrupts and absorbs the magic of your enemies.
Potions cannot restore your health.
You are immune to rotting.


Message History

Jorgrun casts a spell at you. The iron shot hits you!!!
* * * LOW HITPOINT WARNING * * *
You emit a cloud of dark smoke.
* * * LOW HITPOINT WARNING * * *
The grasping roots constrict you!
Casting: Regeneration (safe; 5% risk of failure)
Confirm with . or Enter, or press ? or * to list all spells.
You don't have enough magic to cast that spell.
Blink to where?
Press: ? - help, Dir - move target cursor You escape the roots' grasp.
You are very lightly contaminated with residual magic.
As you read the scroll of blinking, it crumbles to dust.
Your skin is crawling a little less now.
You see here a scroll of immolation.
Jorgrun gestures at you while chanting. The iron shot hits you!!!
Ouch! That really hurt!
You die...

#.#...#.§§##..#...........
#.#...#.|§§#..#...........
#.#......}......#.........
#...#..#....#...#.........
#...#..##.g.#...#.#####...
##..#.....###...#.....#...
#..##.........##.....#...
#...####.?....#......#...
##......@..)###......#...
##.....#####....#####.##
####....)............'.
##................#.
#.......#####....#.
#.......#...'....##
#.......#...#......
#####.......#...#...<..
#...........#####......


You could see Jorgrun.

Vanquished Creatures
  An orc warlord (Bailey)
  A deep elf annihilator (D:13)
  An ettin (D:13)
  A hydra (D:11)
  Fannar (Lair:1)
  Erica (D:8)
  3 two-headed ogres
  2 unseen horrors
  An unseen horror (shapeshifter) (D:10)
  Pikel (D:4)
  2 orc knights (Bailey)
  3 ugly things
  A deep elf mage (D:11)
  A cyclops (D:13)
  Psyche (D:8)
  2 centaur zombies
  4 gargoyles
  2 spiny frogs (Lair:1)
  7 kobold demonologists
  2 trolls
  A hornet (D:8)
  Prince Ribbit (D:6)
  Grinder (D:6)
  A hippogriff (D:8)
  9 slime creatures
  A meliai zombie (D:11)
  Sigmund (D:4)
  A shadow (D:10)
  36 yaks
  A basilisk (Lair:1)
  2 wyverns
  A hungry ghost (D:10)
  A human (D:7)
  Eustachio (D:5)
  A wraith (D:12)
  3 hogs (D:7)
  A floating eye (D:11)
  5 water moccasins
  16 orc warriors
  A porcupine (Lair:1)
  2 black bears
  5 sky beasts
  3 ice beasts
  4 necrophages
  2 phantoms
  5 ogres
  6 crocodiles
  8 big kobolds
  12 bullfrogs
  A scorpion (D:11)
  10 killer bees
  3 wights
  5 howler monkeys
  7 crimson imps
  3 jellies
  An iron imp (D:8)
  8 hounds
  9 orc priests
  6 bullfrog skeletons
  Crazy Yiuf (D:5)
  Ijyb (D:3)
  Terence (D:2)
  7 iguanas
  14 orc wizards
  10 worker ants
  A killer bee zombie (D:7)
  2 hound skeletons
  A worker ant zombie (D:6)
  10 gnolls
  2 howler monkey skeletons
  14 adders
  5 shadow imps
  2 oozes
  2 adder skeletons
  2 adder zombies
  A worm (D:2)
  2 dart slugs
  4 leopard geckos
  93 orcs
  3 giant cockroaches
  32 goblins
  16 hobgoblins
  10 jackals
  7 quokkas
  8 bats
  5 frilled lizards
  27 kobolds
  A quokka zombie (D:7)
  6 rats
513 creatures vanquished.

Notes
Turn   | Place    | Note
-------+----------+-------------------------------------------
     0 | D:1      | Esekla the Vine Stalker Assassin began the quest for the
                  | Orb.
     0 | D:1      | Reached XP level 1. HP: 11/11 MP: 2/2
   297 | D:1      | Reached skill level 5 in Stealth
   482 | D:1      | Reached XP level 2. HP: 11/15 MP: 3/3
   968 | D:2      | Reached skill level 1 in Spellcasting
  1013 | D:2      | Reached XP level 3. HP: 14/18 MP: 5/5
  1076 | D:3      | Noticed Terence
  1488 | D:3      | Gained mutation: Your natural rate of healing is unusually
                  | fast. [Vine Stalker growth]
  1488 | D:3      | Reached XP level 4. HP: 21/23 MP: 5/7
  1674 | D:3      | Noticed an ogre
  1772 | D:2      | Found a blossoming altar of Fedhas.
  1916 | D:3      | Reached XP level 5. HP: 26/26 MP: 8/8
  1974 | D:3      | Reached skill level 1 in Dodging
  2123 | D:3      | Noticed Ijyb
  2156 | D:3      | Killed an ogre
  2156 | D:3      | Reached XP level 6. HP: 9/30 MP: 3/10
  2207 | D:4      | Noticed Sigmund
  2209 | D:4      | Killed Sigmund
  2247 | D:4      | Reached XP level 7. HP: 28/35 MP: 8/11
  2557 | D:2      | Killed Terence
  2653 | D:2      | Found a sacrificial altar of Ru.
  3126 | D:3      | Killed Ijyb
  3194 | D:3      | Found a stormy altar of Qazlal.
  3196 | D:3      | Noticed an air elemental
  3196 | D:3      | Noticed a fire elemental
  3196 | D:3      | Noticed a water elemental
  3455 | D:4      | Found a white marble altar of Elyvilon.
  3464 | D:4      | Found an ornate altar of the Wu Jian Council.
  3614 | D:4      | Reached skill level 5 in Short Blades
  3623 | D:4      | Gained mutation: You have razor-sharp teeth. [Vine Stalker
                  | growth]
  3623 | D:4      | Reached XP level 8. HP: 37/39 MP: 14/14
  3755 | D:4      | Found a radiant altar of Vehumet.
  3875 | D:4      | Noticed Pikel
  3924 | D:4      | Killed Pikel
  3924 | D:4      | Reached skill level 1 in Armour
  3995 | D:4      | Learned a level 3 spell: Regeneration
  4001 | D:4      | Learned a level 3 spell: Vampiric Draining
  4072 | D:5      | Entered Level 5 of the Dungeon
  4095 | D:5      | Found a sparkling altar of Nemelex Xobeh.
  4258 | D:6      | Noticed Prince Ribbit
  4319 | D:6      | Reached skill level 1 in Charms
  4490 | D:6      | Reached skill level 1 in Necromancy
  4533 | D:5      | Found a staircase to the Ecumenical Temple.
  4561 | D:5      | Reached XP level 9. HP: 44/44 MP: 16/16
  4580 | Temple   | Entered the Ecumenical Temple
  4596 | Temple   | Became a worshipper of Dithmenos the Shadowed
  4694 | D:5      | Found Zof Myrph's Magic Scroll Boutique.
  4820 | D:5      | Bought a scroll of remove curse for 39 gold pieces
  4938 | D:5      | Found a runed translucent door.
  4939 | D:5      | Noticed Crazy Yiuf
  4946 | D:5      | Killed Crazy Yiuf
  5074 | D:5      | Noticed Eustachio
  5074 | D:5      | Noticed Grinder
  5085 | D:6      | Killed Grinder
  5529 | D:8      | Noticed Psyche
  5545 | D:8      | Killed Psyche
  5618 | D:8      | Learned a level 1 spell: Corona
  5624 | D:8      | Found a snail-covered altar of Cheibriados.
  5667 | D:8      | Reached * piety under Dithmenos
  5724 | D:8      | Noticed a hornet
  5792 | D:8      | Reached XP level 10. HP: 27/49 MP: 18/18
  6066 | D:7      | Reached skill level 5 in Spellcasting
  6104 | D:7      | Reached ** piety under Dithmenos
  6998 | D:6      | Killed Prince Ribbit
  7146 | D:5      | Killed Eustachio
  7584 | D:5      | Bought a scroll of blinking for 97 gold pieces
  7584 | D:5      | Bought a scroll of enchant armour for 97 gold pieces
  7584 | D:5      | Bought a scroll of fear for 45 gold pieces
  7700 | D:9      | Noticed a two-headed ogre
  7708 | D:9      | Killed a two-headed ogre
  7832 | D:9      | Learned a level 2 spell: Searing Ray
  7923 | D:8      | Noticed Erica
  7939 | D:8      | Killed Erica
  7939 | D:8      | Reached skill level 1 in Conjurations
  7939 | D:8      | Reached skill level 1 in Hexes
  7939 | D:8      | Reached XP level 11. HP: 53/53 MP: 20/20
  8184 | D:8      | Reached *** piety under Dithmenos
  8446 | D:8      | Paralysed by a hornet for 3 turns
  8542 | D:8      | Noticed an unseen horror
  8551 | D:8      | Killed an unseen horror
  8551 | D:8      | Reached skill level 10 in Stealth
  8627 | D:8      | Learned a level 3 spell: Conjure Flame
  8630 | D:8      | Learned a level 2 spell: Blink
  8634 | D:8      | Learned a level 3 spell: Mephitic Cloud
  8638 | D:8      | Learned a level 3 spell: Dazzling Flash
  8796 | D:8      | Reached skill level 1 in Fire Magic
  9003 | D:9      | Noticed a two-headed ogre
  9041 | D:9      | Killed a two-headed ogre
  9190 | D:9      | Found a glowing silver altar of Zin.
  9393 | D:10     | Entered Level 10 of the Dungeon
  9424 | D:10     | Reached skill level 1 in Poison Magic
  9439 | D:10     | Reached **** piety under Dithmenos
  9891 | D:11     | Found a staircase to the Lair.
  9892 | D:11     | Noticed a white ugly thing
  9907 | D:11     | Noticed a seven-headed hydra
  9940 | D:10     | Reached skill level 1 in Translocations
 10038 | D:11     | Noticed a deep elf mage
 10041 | D:11     | Found a flagged portal.
 10047 | Bailey   | Entered a bailey
 10336 | Bailey   | Reached ***** piety under Dithmenos
 10393 | Bailey   | Noticed an orc knight
 10398 | Bailey   | Reached skill level 1 in Air Magic
 10442 | Bailey   | Killed an orc knight
 10571 | Bailey   | Noticed an orc knight
 10596 | Bailey   | Killed an orc knight
 10601 | Bailey   | Noticed an orc warlord
 10660 | Bailey   | Killed an orc warlord
 10660 | Bailey   | Gained mutation: You heal very quickly. [Vine Stalker
                  | growth]
 10660 | Bailey   | Reached XP level 12. HP: 58/58 MP: 22/22
 11123 | D:10     | Identified a scroll of acquirement
 11124 | D:10     | Found the +8 storm bow {elec, penet}
 11404 | D:11     | Noticed a soul eater
 12135 | D:11     | Killed a four-headed hydra
 12190 | D:11     | Reached skill level 5 in Fighting
 12251 | D:10     | Reached skill level 10 in Short Blades
 12320 | D:10     | Reached skill level 5 in Dodging
 12433 | D:11     | Noticed a two-headed ogre
 12462 | D:11     | Killed a two-headed ogre
 12683 | Lair:1   | Entered Level 1 of the Lair of Beasts
 12725 | Lair:1   | Noticed Fannar
 12789 | Lair:1   | Killed Fannar
 12789 | Lair:1   | Reached XP level 13. HP: 59/63 MP: 25/25
 13162 | Lair:1   | Reached skill level 5 in Fire Magic
 13381 | Lair:1   | Reached ****** piety under Dithmenos
 13550 | Lair:1   | Upgraded the game from 0.25-a0-317-g5f8687bca5 to
                  | 0.25-a0-322-g3677130cb1
 13855 | D:12     | Found a staircase to the Orcish Mines.
 13919 | D:12     | Found a roughly hewn altar of Beogh.
 14408 | D:13     | Reached skill level 5 in Conjurations
 14722 | D:13     | Noticed Jorgrun
 14764 | D:13     | Noticed a deep elf annihilator
 14778 | D:13     | Noticed an ettin
 14806 | D:13     | Killed an ettin
 14971 | D:13     | Killed a deep elf annihilator
 15054 | D:13     | HP: 3/64 [Jorgrun/+0 quarterstaff of crushing (5)]
 15060 | D:13     | Killed from afar by Jorgrun

Levels and vault maps discovered:
D:1:      giann_forest_graveyard, layout_basic
D:2:      layout_basic, overflow_temple_1_default, lemuel_crystal_altar
D:3:      layout_basic, nicolae_qazlal_style_of_elements, uniq_terence,
          uniq_ijyb
D:4:      layout_loops_ring, lemuel_coloured_pillars_altar,
          amethyst_overflow_temple_binary, first_ration, uniq_pikel,
          uniq_sigmund
D:5:      layout_rooms, nemelex_altar_shiori,
          minmay_temple_entry_statues_pillars, serial_shops, shop,
          uniq_crazy_yiuf_cottage, uniq_eustachio, uniq_grinder
D:6:      layout_cave_pods, uniq_prince_ribbit1
D:7:      layout_loops_ring, grunt_livestock, hangedman_decor_clover_reticule
D:8:      layout_gridville, slow_altar_1, special_room [special_room_orc],
          uniq_psyche, uniq_erica
D:9:      layout_cave_pools, kennysheep_mini_moat
D:10:     minmay_skewed_foursquare, layout_loops_corners, st_stairs_11,
          kb_rosetta
D:11:     layout_cave_pools, lair_entry_dummy, enter_bailey_3,
          onia_ninara_cookie
D:12:     layout_roguey, minmay_orc_entry_temple_small
D:13:     layout_irregular_city, erik_vaults_2, minmay_radiant, uniq_jorgrun
Temple:   dshaligram_water_room_temple
Lair:1:   layout_regular_city, serial_rivers, chequers_serial_rivers_micro_d,
          chequers_serial_rivers_small_a, chequers_serial_rivers_small_a,
          chequers_serial_rivers_marsh, uniq_fannar

Skill      XL: |  1  2  3  4  5  6  7  8  9 10 11 12 13 |
---------------+----------------------------------------+-----
Stealth        | 5 6 7 8 9 10 | 10.0
Spellcasting   | 1 2 3 4 5 6 7 8 |  8.1
Short Blades   | 2 3 4 5 6 7 9 10 | 10.6
Throwing       | 2 3 4 |  4.4
Fighting       | 2 3 4 5 |  5.5
Dodging        | 1 2 3 4 5 |  5.7
Armour         | 1 2 |  2.1
Charms         | 1 3 4 |  4.6
Necromancy     | 1 2 3 4 |  4.6
Conjurations   | 1 3 4 5 |  5.4
Hexes          | 1 3 4 |  4.7
Fire Magic     | 2 4 6 |  6.1
Poison Magic   | 2 3 4 |  4.3
Translocations | 2 4 |  4.6
Air Magic      | 1 3 4 |  4.4

Action                   |  1- 3 |  4- 6 |  7- 9 | 10-12 | 13-15 || total
-------------------------+-------+-------+-------+-------+-------++-------
Melee: Dagger            |    88 |    99 |   272 |       |       ||   459
       Bite              |    22 |    24 |   142 |   336 |   165 ||   689
       Short sword       |       |       |   243 |   954 |   422 ||  1619
       Scimitar          |       |       |       |     4 |       ||     4
Throw: Dart              |    12 |    10 |    28 |   109 |    21 ||   180
       Boomerang         |       |       |     2 |     3 |     2 ||     7
       Javelin           |       |       |       |       |     2 ||     2
 Cast: Corona            |       |       |       |    14 |       ||    14
       Regeneration      |       |       |       |    13 |    13 ||    26
       Searing Ray       |       |       |       |     4 |     1 ||     5
       Mephitic Cloud    |       |       |       |     9 |     2 ||    11
       Blink             |       |       |       |     4 |     3 ||     7
       Vampiric Draining |       |       |       |     1 |       ||     1
       Conjure Flame     |       |       |       |     2 |       ||     2
       Dazzling Flash    |       |       |       |       |     1 ||     1
Invok: Shadow Step       |       |       |       |     2 |       ||     2
Evoke: Wand              |       |       |     1 |       |       ||     1
  Use: Scroll            |       |       |     7 |    17 |     3 ||    27
       Potion            |       |       |     2 |     4 |       ||     6
 Stab: Sleeping          |     6 |    10 |    24 |    41 |    16 ||    97
       Distracted        |       |       |     2 |     3 |     3 ||     8
       Invisible         |       |       |     4 |       |       ||     4
       Confused          |       |       |       |     8 |     2 ||    10
  Eat: Chunk             |     1 |     3 |    12 |    21 |     8 ||    45
       Ration            |       |       |       |     2 |       ||     2
Armor: Robe              |    24 |    20 |    49 |   161 |    46 ||   300
       Ring mail         |       |       |    75 |     1 |       ||    76
Dodge: Dodged            |    38 |    47 |   209 |   572 |   186 ||  1052

Table legend:
 A = Non-vault XP
 B = Vault XP
 C = Vault XP percentage of total XP
 D = Non-vault monster count
 E = Vault monster count
 F = Vault count percentage of total count
                 A         B        C        D         E       F
            +---------+---------+-------+---------+---------+-------
      Total |   32348 |   17574 |  35.2 |     369 |     144 |  28.1
            +---------+---------+-------+---------+---------+-------
        D:1 |      17 |       0 |   0.0 |      11 |       0 |   0.0
        D:2 |      44 |      36 |  45.0 |      17 |       1 |   5.6
        D:3 |     364 |      38 |   9.5 |      42 |       1 |   2.3
        D:4 |     642 |     860 |  57.3 |      39 |       2 |   4.9
        D:5 |     331 |     230 |  41.0 |       9 |       2 |  18.2
        D:6 |     588 |     558 |  48.7 |      18 |       2 |  10.0
        D:7 |    1351 |     986 |  42.2 |      38 |       5 |  11.6
        D:8 |    3434 |    1539 |  30.9 |      34 |      23 |  40.4
        D:9 |    3155 |       0 |   0.0 |      23 |       0 |   0.0
       D:10 |    3189 |    2431 |  43.3 |      24 |      11 |  31.4
       D:11 |    5244 |    2742 |  34.3 |      43 |      18 |  29.5
       D:12 |    4679 |     254 |   5.1 |      28 |       8 |  22.2
       D:13 |    5752 |    2396 |  29.4 |      23 |       2 |   8.0
     Lair:1 |    3558 |     986 |  21.7 |      20 |       1 |   4.8
     Bailey |       0 |    4518 | 100.0 |       0 |      68 | 100.0
            +---------+---------+-------+---------+---------+-------
